 Dungeon Crawl Stone Soup version 0.19-a0-1786-g230130f (webtiles) character file.

790 kae the Slasher (level 7, -5/48 HPs)
             Began as a High Elf Skald on Oct 3, 2016.
             Slain by Menkaure (10 damage)
             ... on level 4 of the Dungeon.
             The game lasted 00:06:23 (4716 turns).

kae the Slasher (High Elf Skald)                    Turns: 4716, Time: 00:06:23

Health: -5/48      AC: 11    Str: 18    XL:     7   Next: 57%
Magic:  14/14      EV:  9    Int: 15    God:
Gold:   113        SH:  0    Dex: 16    Spells: 1 memorised, 13 levels left

rFire  . . .     SeeInvis .     a - +0 falchion
rCold  . . .     Gourm    .     f - +0 scale mail
rNeg   . . .     Faith    .     (no shield)
rPois  .         Spirit   .     v - +1 helmet
rElec  .         Dismiss  .     (no cloak)
rCorr  +         Reflect  .     (no gloves)
MR     .....     Harm     .     j - +2 pair of boots {Stlth+}
Stlth  +.........               (no amulet)
                                (no ring)
                                n - ring of resist corrosion

@: mighty, drained
A: no striking features
a: no special abilities


You were on level 4 of the Dungeon.
You were not hungry.

You visited 1 branch of the dungeon, and saw 4 of its levels.

You collected 113 gold pieces.

Inventory:

Hand Weapons
 a - a +0 falchion (weapon)
Armour
 b - a +0 leather armour
 f - a +0 scale mail (worn)
 j - a +2 pair of boots of stealth (worn)
 v - a +1 helmet (worn)
Jewellery
 n - a ring of resist corrosion (left hand)
Scrolls
 e - a scroll of immolation
 h - a scroll of identify
 q - a scroll of teleportation
 s - 2 scrolls of recharging
 y - a scroll of remove curse
Potions
 u - a potion of curing
 x - a potion of flight
 z - 2 potions of invisibility {unknown}
Books
 c - a book of Battle

   Spells                             Type                      Level
   a - Infusion                       Charms                       1
   b - Shroud of Golubria             Charms/Translocation         2
   c - Song of Slaying                Charms                       2
   d - Spectral Weapon                Hexes/Charms                 3
   e - Regeneration                   Charms/Necromancy            3
Comestibles
 d - 4 bread rations
 g - 6 chunks of flesh
 i - 3 meat rations
 l - a beef jerky
 t - a royal jelly


   Skills:
 + Level 4.2(3.5) Fighting
 * Level 7.5(6.6) Long Blades
 - Level 0.8(0.1) Armour
 - Level 1.1(0.4) Dodging
 + Level 4.2(3.5) Spellcasting
 + Level 5.3(4.5) Charms


You had 13 spell levels left.
You knew the following spells:

 Your Spells              Type           Power        Failure   Level  Hunger
a - Infusion              Chrm           ###.         12%         1    None


Dungeon Overview and Level Annotations

Branches:
Dungeon (4/15)
 Temple: D:4-7

Altars:

Annotations:
D:4 Menkaure


Message History

The giant cockroach is heavily wounded.
The giant cockroach bites you but does no damage.
Your scale mail prevents you from hitting the giant cockroach.
The giant cockroach is heavily wounded.
The giant cockroach bites you but does no damage.
You hit the giant cockroach.
You kill the giant cockroach!
Menkaure calls on the powers of darkness!
Your body is wracked with pain!
You are too injured to fight recklessly!
You start resting.
You feel very mighty all of a sudden.
Menkaure calls on the powers of darkness!
Your body is wracked with pain!
You hit Menkaure but do no damage. Menkaure hits you!
* * * LOW HITPOINT WARNING * * *
You slash Menkaure!
Menkaure is moderately damaged.
Menkaure hits you!
You die...

#.### #.
#...# #.
###.# #. #.#
#. #.# #.
#.# ####.
#.# #....
###.# #.##.
#.@.# ##.##)
#M### #.....
#.# #..##.
#.# #..##.
#.##
#######M....
#..#
#...........
##.#
#.##.....#..
#.#
#...#....#..
#.#
#....#..#...


You could see Menkaure.

Vanquished Creatures
  Grinder (D:3)
  An ogre (D:4)
  A phantom (D:4)
  A scorpion (D:3)
  Jessica (D:2)
  Ijyb (D:2)
  Natasha (D:3)
  Terence (D:3)
  2 worker ants
  2 orc wizards
  Robin (D:2)
  5 adders
  4 worms
  3 dart slugs
  2 leopard geckos
  9 orcs
  6 bats
  10 giant cockroaches
  20 goblins
  8 hobgoblins
  4 jackals
  A quokka (D:2)
  A frilled lizard (D:1)
  10 kobolds
  3 rats
99 creatures vanquished.

Notes
Turn   | Place    | Note
-------+----------+-------------------------------------------
     0 | D:1      | kae the High Elf Skald began the quest for the Orb.
     0 | D:1      | Reached XP level 1. HP: 14/14 MP: 4/4
    85 | D:1      | Reached skill level 3 in Long Blades
    99 | D:1      | Reached XP level 2. HP: 19/19 MP: 6/6
   870 | D:2      | Reached XP level 3. HP: 25/25 MP: 5/7
   878 | D:2      | Reached skill level 4 in Long Blades
  1516 | D:2      | Noticed Jessica
  1523 | D:2      | Killed Jessica
  1523 | D:2      | Reached XP level 4. HP: 25/30 MP: 8/8
  1725 | D:3      | Noticed Robin
  1725 | D:3      | Noticed Ijyb
  1740 | D:2      | Killed Robin
  1806 | D:3      | Noticed Natasha
  1816 | D:2      | Killed Ijyb
  1816 | D:2      | Reached skill level 5 in Long Blades
  1987 | D:3      | Killed Natasha
  1987 | D:3      | Reached XP level 5. HP: 31/36 MP: 3/10
  2120 | D:3      | Noticed Terence
  2262 | D:3      | Killed Terence
  2289 | D:3      | Noticed Grinder
  2291 | D:3      | Paralysed by Grinder for 7 turns
  2307 | D:3      | Paralysed by Grinder for 3 turns
  2313 | D:3      | Paralysed by Grinder for 2 turns
  2319 | D:3      | Killed Grinder
  2319 | D:3      | Reached skill level 6 in Long Blades
  2319 | D:3      | Reached XP level 6. HP: 16/43 MP: 4/12
  2536 | D:3      | Found a faded altar of an unknown god.
  3205 | D:4      | Noticed Menkaure
  3568 | D:4      | Reached XP level 7. HP: 34/47 MP: 9/13
  3758 | D:4      | Reached skill level 5 in Charms
  3835 | D:4      | Reached skill level 7 in Long Blades
  4716 | D:4      | Slain by Menkaure

Vault maps used:
D:1:      shiori_arrival_maze
D:2:      uniq_jessica
D:3:      ecumenical_altar_2, uniq_robin, uniq_terence, uniq_natasha, uniq_iyjb,
          uniq_grinder
D:4:      makhleb_blood_cavern_becter, nicolae_overflow_crystal_walls,
          first_bread, minmay_misc_feat_columns, minmay_misc_feat_chi,
          grunt_ministairs_8, uniq_menkaure

Skill      XL: |  1  2  3  4  5  6  7 |
---------------+----------------------+-----
Long Blades    | 3 4 5 6 7 |  7.5
Fighting       | 3 4 |  4.2
Spellcasting   | 3 4 |  4.2
Charms         | 4 5 |  5.3
Armour         | |  0.8
Dodging        | |  1.1

Action                   |  1- 3 |  4- 6 |  7- 9 || total
-------------------------+-------+-------+-------++-------
Melee: Falchion          |   137 |   220 |    85 ||   442
 Cast: Infusion          |     4 |    16 |     5 ||    25
  Use: Potion            |       |     4 |     1 ||     5
       Scroll            |       |     5 |     5 ||    10
  Eat: Chunk             |     2 |     7 |     4 ||    13
Armor: Scale mail        |    78 |   103 |    41 ||   222
       Leather armour    |     3 |       |       ||     3
       Skin              |       |    25 |       ||    25
Dodge: Dodged            |    93 |   114 |    36 ||   243
       Rpst.: Falchion   |    35 |    36 |    15 ||    86
